 Dungeon Crawl Stone Soup version 0.26-b1-32-g5d43845318 (webtiles) character file.

Game seed: 12323561453986418412

61772 Borgoz the Basher (level 15, -24/100 HPs)
             Began as a Gargoyle Gladiator on Jan 11, 2021.
             Annihilated by a skeletal warrior
             ... wielding a +1 glaive of protection
              (27 damage)
             ... on level 10 of the Dungeon.
             The game lasted 00:38:03 (23523 turns).

Borgoz the Basher (Gargoyle Gladiator)             Turns: 23523, Time: 00:38:03

Health: -24/100    AC: 32    Str: 28    XL:     15   Next: 4%
Magic:  15/15      EV: 19    Int: 11    God:
Gold:   1412       SH:  5    Dex: 15    Spells: 14/14 levels left

rFire    + . .     SeeInvis .   b - +1 eveningstar
rCold    . . .     Faith    .   (no shield)
rNeg     + . .     Spirit   .   h - +4 troll leather armour
rPois    ∞         Reflect  +   A - +2 helmet
rElec    +         Harm     .   r - +0 cloak
rCorr    .         Rampage  .   (no gloves)
Will     +....                  J - +0 pair of boots
Stlth    +.........             C - amulet of reflection
HPRegen  0.66/turn              I - +6 ring of strength
MPRegen  0.14/turn              n - ring "Wemeclam" {rF+ AC+4 Str+4}

@: flying
A: big wings, negative energy resistance 1, electricity resistance, unbreathing,
petrification resistance, miasma immunity, AC +11
a: Stop Flying


You were on level 10 of the Dungeon.
You visited 3 branches of the dungeon, and saw 18 of its levels.
You also visited: Sewer and Ossuary.

You collected 1412 gold pieces.

Inventory:

Hand Weapons
 b - a +1 eveningstar (weapon)
 f - the +7 quarterstaff of Plague {protect, rF+ rN+ Str+3 Int+4}
   (You found it on level 4 of the Lair of Beasts)

   It grants its wielder temporary protection when it strikes (+7 to AC).
   It affects your strength (+3).
   It affects your intelligence (+4).
   It protects you from fire.
   It protects you from negative energy.
Missiles
 d - 2 throwing nets (quivered)
Armour
 h - a +4 troll leather armour (worn)
 r - a +0 cloak (worn)
 A - a +2 helmet (worn)
 J - a +0 pair of boots (worn)
Jewellery
 i - an uncursed ring of ice
 n - the ring "Wemeclam" (right hand) {rF+ AC+4 Str+4}
   (You found it on level 5 of the Lair of Beasts)

   [ring of protection]

   It affects your AC (+4).
   It affects your strength (+4).
   It protects you from fire.
 v - an uncursed ring of see invisible
 C - an amulet of reflection (around neck)
 D - an uncursed ring of willpower
 I - a +6 ring of strength (left hand)
Wands
 p - a wand of flame (11)
 s - a wand of paralysis (15)
 u - a wand of digging (12)
 w - a wand of disintegration (12)
 x - a wand of acid (18)
Scrolls
 a - 3 scrolls of enchant armour
 e - a scroll of summoning
 j - 4 scrolls of fear
 k - 4 scrolls of fog
 m - 4 scrolls of magic mapping
 o - 14 scrolls of teleportation
 z - a scroll of blinking
 F - 8 scrolls of remove curse
 H - 7 scrolls of identify
Potions
 c - a potion of resistance
 g - a potion of cancellation
 l - 2 potions of heal wounds
 q - 2 potions of might
 t - 7 potions of curing
 E - 3 potions of haste


   Skills:
 + Level 13.8 Fighting
 + Level 13.8 Maces & Flails
 - Level 1.7 Throwing
 + Level 13.6 Armour
 + Level 11.1 Dodging


You had 14 spell levels left.
You didn't know any spells.
Your spell library contained the following spells:

 Spells                   Type           Power        Failure   Level
 Animate Skeleton         Necr           0%           36%         1
 Apportation              Tloc           0%           36%         1
 Corona                   Hex            0%           36%         1
 Pain                     Necr           0%           36%         1
 Summon Small Mammal      Summ           0%           36%         1
 Call Imp                 Summ           0%           50%         2
 Call Canine Familiar     Summ           0%           75%         3
 Summon Guardian Golem    Hex/Summ       0%           75%         3
 Cause Fear               Hex            0%           98%         4
 Summon Ice Beast         Ice/Summ       0%           98%         4
 Summon Lightning Spire   Summ/Air       0%           98%         4
 Silence                  Hex/Air        0%           100%        5
 Yara's Violent Unravell  Hex/Tmut       0%           100%        5
 Discord                  Hex            0%           100%        8


Dungeon Overview and Level Annotations

Branches:
Dungeon (11/15)            Temple (1/1) D:7            Lair (6/6) D:8
  Swamp (0/4) Lair:4        Snake (0/4) Lair:4        Slime (0/5) Lair:5
  Sewer (visited)         Ossuary (visited)
    Orc: D:9-12

Altars:
Ashenzari
Cheibriados
Dithmenos
Elyvilon
Fedhas
Gozag
Hepliaklqana
Kikubaaqudgha
Makhleb
Nemelex Xobeh
Okawaru
Qazlal
Ru
Sif Muna
Trog
Uskayaw
Vehumet
Wu Jian
Xom
Yredelemnul
Zin
The Shining One
Jiyva

Annotations:
D:10 2 runed translucent doors, Ukhluk's ghost, journeyman TrMo


Innate Abilities, Weirdness & Mutations

You are resistant to torment.
Your stone body is resilient. (AC +11)
You are immune to poison.
Your large and strong wings let you fly indefinitely.
You resist negative energy. (rN+)
You are resistant to electric shocks. (rElec)
You can survive without breathing.
You are immune to petrification.
You are immune to miasma.


Message History

You puncture Ukhluk's ghost!
Ukhluk's ghost is heavily damaged.
The skeletal warrior hits you from afar with a +1 glaive of protection!
Ukhluk's ghost barely misses you.
You hit Ukhluk's ghost.
Ukhluk's ghost is heavily damaged.
You barely miss Ukhluk's ghost.
Ukhluk's ghost is heavily damaged.
Ukhluk's ghost closely misses you. The skeletal warrior barely misses you.
You sock Ukhluk's ghost!
Ukhluk's ghost is heavily damaged.
Ukhluk's ghost hits you.
* * * LOW HITPOINT WARNING * * *
The skeletal warrior hits you from afar with a +1 glaive of protection.
* * * LOW HITPOINT WARNING * * *
There is a stone staircase leading up here.
Ukhluk's ghost hits you!!
* * * LOW HITPOINT WARNING * * *
The skeletal warrior hits you from afar with a +1 glaive of protection!!
You die...

)))#.............................
...#.............................
...#.............................
...#.............................
...#........................##'#.
####........................#..#.
......#####.######.....######..'.
......#..'.....).#.....#...##..#.
......#..#....[[@#.....#...##..#.
......#..#.....W[......#.......#.
......#..#...#z##...##+#.......#.
......##.#####p.#...#Wp##..#####.
.###.########.♣.#.⌠.#♣.##..###.##
.#........'.#...#...#...#.......#
.'........#.##..##.##.♣.#.......#
.#..####..##.#♣..###...L#########
##..####..##.##....zp...#........


You could see a skeletal warrior, a necromancer and Ukhluk's ghost.

Vanquished Creatures
  A lich (D:10)
  Gastronok (Lair:2)
  2 fire dragons
  10 hydras
  3 death yaks (Lair:6)
  A two-headed ogre (D:10)
  2 unseen horrors
  2 flayed ghosts (D:10)
  2 bog bodies (Lair:4)
  3 lindwurms
  A cyclops (D:11)
  21 elephants
  A manticore (D:11)
  4 black mambas
  11 cane toads
  2 molten gargoyles (Lair:6)
  A torpor snail (Lair:2)
  3 centaur skeletons (D:10)
  14 komodo dragons
  A kobold demonologist (D:8)
  3 rime drakes (Lair:3)
  3 trolls
  4 hornets
  Grinder (D:3)
  A polar bear (Lair:2)
  18 blink frogs
  5 dream sheep (Lair:4)
  Sigmund (D:2)
  A centaur simulacrum (D:10)
  31 yaks
  2 wraiths
  7 wyverns
  A vampire (D:10)
  A vampire mosquito (D:8)
  6 basilisks
  2 steam dragons (Lair:6)
  3 nagas (Lair:4)
  3 swamp worms (Lair:4)
  5 hell hounds (Lair:6)
  25 water moccasins
  4 orc warriors
  A swamp drake (D:8)
  2 sky beasts (D:11)
  2 ice beasts
  3 black bears
  A necrophage (D:11)
  2 phantoms (D:6)
  7 ogres
  5 centaurs
  9 wolves
  A big kobold (D:7)
  3 elf zombies (Ossuary)
  19 bullfrogs
  6 killer bees (D:8)
  3 scorpions
  17 wights
  A howler monkey (D:6)
  An electric eel (Lair:4)
  5 lava snakes (Lair:6)
  A bullfrog zombie (D:8)
  6 hounds
  6 orc priests
  3 jellies
  A quasit (D:8)
  A gnoll shaman (D:8)
  A bullfrog skeleton (D:5)
  2 human zombies (Ossuary)
  Jessica (D:3)
  Ijyb (D:3)
  An iguana (D:4)
  7 orc wizards
  2 hell rats (Lair:2)
  8 worker ants
  2 big kobold zombies (Ossuary)
  A hound zombie (Ossuary)
  3 mummies (Ossuary)
  Robin (D:2)
  A howler monkey skeleton (D:6)
  13 adders
  5 river rats (Lair:2)
  A shadow imp (D:6)
  3 white imps
  An ufetubus (D:6)
  An ooze (D:2)
  2 worms
  2 adder skeletons
  4 adder zombies
  A dart slug (D:2)
  11 leopard geckos
  34 orcs
  2 ball pythons
  9 bats
  16 giant cockroaches
  7 goblins
  12 hobgoblins
  12 jackals
  10 kobolds
  2 quokkas
  9 frilled lizards
  A giant cockroach zombie (D:6)
  A gnoll zombie (Ossuary)
  2 goblin zombies (Ossuary)
  2 hobgoblin zombies (Ossuary)
  4 jackal zombies
  2 kobold zombies (Ossuary)
  2 leopard gecko skeletons (D:4)
  3 orc zombies (Ossuary)
  6 quokka zombies
  22 rats
  6 rat zombies (Ossuary)
558 creatures vanquished.

Vanquished Creatures (others)
  17 fungi
  43 plants
60 creatures vanquished.

Grand Total: 618 creatures vanquished

Notes
Turn   | Place    | Note
-------+----------+-------------------------------------------
     0 | D:1      | Borgoz the Gargoyle Gladiator began the quest for the Orb.
     0 | D:1      | Reached XP level 1. HP: 12/12 MP: 1/1
   253 | D:1      | Reached XP level 2. HP: 18/18 MP: 2/2
   740 | D:1      | Reached skill level 1 in Armour
   816 | D:2      | Reached XP level 3. HP: 22/22 MP: 3/3
   839 | D:2      | Noticed Sigmund
  1125 | D:2      | Killed Sigmund
  1126 | D:2      | Reached XP level 4. HP: 18/28 MP: 4/4
  1126 | D:2      | Reached XP level 5. HP: 21/32 MP: 5/5
  1402 | D:2      | Found a hazy altar of Hepliaklqana.
  1498 | D:2      | Noticed Robin
  1508 | D:2      | Killed Robin
  1509 | D:2      | Reached XP level 6. HP: 37/37 MP: 6/6
  2120 | D:3      | Found an ancient bone altar of Kikubaaqudgha.
  2161 | D:3      | Found a snail-covered altar of Cheibriados.
  2168 | D:3      | Found a shimmering blue altar of Sif Muna.
  2169 | D:3      | Found a radiant altar of Vehumet.
  2171 | D:3      | Identified Kikubaaqudgha's Catalogue of Darkness
  2226 | D:3      | Noticed Jessica
  2226 | D:3      | Noticed Ijyb
  2227 | D:3      | Paralysed by Ijyb for 4 turns
  2243 | D:3      | Killed Jessica
  2253 | D:3      | Killed Ijyb
  2482 | D:3      | Reached skill level 5 in Maces & Flails
  2644 | D:3      | Noticed Grinder
  2657 | D:3      | Paralysed by Grinder for 7 turns
  2667 | D:3      | Killed Grinder
  2668 | D:3      | Reached XP level 7. HP: 18/43 MP: 7/7
  4103 | D:4      | Reached XP level 8. HP: 48/48 MP: 8/8
  4197 | D:5      | Entered Level 5 of the Dungeon
  4197 | D:5      | Found a sand-covered staircase.
  4209 | Ossuary  | Entered an ossuary
  4274 | Ossuary  | Reached skill level 5 in Fighting
  4612 | D:5      | Found a sparkling altar of Nemelex Xobeh.
  4612 | D:5      | Found a faded altar of an unknown god.
  4682 | D:5      | Found a glowing drain.
  4698 | Sewer    | Entered a sewer
  5031 | Sewer    | Got a warped tin ring
  5241 | D:5      | Identified the cursed ring "Judok" {rElec rPois rC- Str-4
                  | SInv} (You found it in a sewer)
  5275 | D:5      | Reached skill level 5 in Armour
  5309 | D:5      | Got a jewelled buckler
  5315 | D:5      | Identified the +1 buckler "Gufohev" {+Blink rElec} (You
                  | found it on level 5 of the Dungeon)
  5530 | D:5      | Found a faded altar of an unknown god.
  5532 | D:5      | Found a white marble altar of Elyvilon.
  5533 | D:5      | Found a bloodstained altar of Trog.
  5639 | D:6      | Reached XP level 9. HP: 37/55 MP: 9/9
  6125 | D:6      | Reached skill level 5 in Dodging
  7224 | D:7      | Found a staircase to the Ecumenical Temple.
  8416 | Temple   | Entered the Ecumenical Temple
  9243 | D:8      | Noticed a hornet
  9244 | D:8      | Noticed a kobold demonologist
  9246 | D:8      | Noticed an ice devil
  9259 | D:8      | Noticed a sun demon
  9686 | D:7      | Reached XP level 10. HP: 18/63 MP: 10/10
 10410 | D:8      | Noticed an orange demon
 10413 | D:8      | Killed a kobold demonologist
 10806 | D:8      | Found a staircase to the Lair.
 11252 | D:8      | Found a shimmering altar of Xom.
 11252 | D:8      | Found a glowing golden altar of the Shining One.
 12475 | D:9      | Found a stormy altar of Qazlal.
 12668 | D:10     | Entered Level 10 of the Dungeon
 12668 | D:10     | Found a runed translucent door.
 12668 | D:10     | Found a runed translucent door.
 12668 | D:10     | Noticed a necromancer
 12668 | D:10     | Noticed a flayed ghost
 12668 | D:10     | Noticed a two-headed ogre
 12675 | D:10     | Killed a two-headed ogre
 12676 | D:10     | Reached skill level 10 in Maces & Flails
 12676 | D:10     | Reached XP level 11. HP: 64/71 MP: 11/11
 12705 | D:10     | Noticed a fire dragon
 12705 | D:10     | Noticed a skeletal warrior
 12705 | D:10     | Noticed a lich
 12706 | D:10     | Noticed a flayed ghost
 12707 | D:10     | Noticed Ukhluk's ghost (journeyman TrMo)
 12889 | D:10     | Noticed an unseen horror
 12891 | D:10     | Found a runed translucent door.
 12904 | D:10     | Killed an unseen horror
 13622 | D:10     | Identified the +2 plate armour of Vashrabb {Harm rN+}
 14478 | D:11     | Noticed an unseen horror
 14494 | D:11     | Killed an unseen horror
 14722 | D:11     | Noticed a cyclops
 14727 | D:11     | Noticed a manticore
 14732 | D:11     | Killed a cyclops
 14745 | D:11     | Killed a manticore
 15120 | D:11     | Noticed a skeletal warrior
 15130 | D:11     | Noticed a death knight
 15388 | Lair:1   | Entered Level 1 of the Lair of Beasts
 15410 | Lair:1   | Noticed a five-headed hydra
 15429 | Lair:1   | Killed a five-headed hydra
 15430 | Lair:1   | Reached skill level 10 in Fighting
 15724 | Lair:1   | Reached XP level 12. HP: 77/77 MP: 12/12
 15759 | Lair:1   | Reached skill level 10 in Armour
 16179 | Lair:1   | Noticed a seven-headed hydra
 16190 | Lair:1   | Killed a seven-headed hydra
 16559 | Lair:2   | Noticed a four-headed hydra
 16576 | Lair:2   | Killed a four-headed hydra
 16689 | Lair:2   | Noticed Gastronok
 16704 | Lair:2   | Killed Gastronok
 17582 | Lair:3   | Noticed a four-headed hydra
 17594 | Lair:3   | Killed a four-headed hydra
 17595 | Lair:3   | Reached XP level 13. HP: 58/84 MP: 13/13
 19059 | Lair:4   | Found a staircase to the Snake Pit.
 19560 | Lair:4   | HP: 2/86 [black mamba (13)]
 19831 | Lair:4   | Reached skill level 10 in Dodging
 19842 | Lair:4   | Got a dazzling quarterstaff
 19843 | Lair:4   | Identified the +7 quarterstaff of Plague {protect, rF+ rN+
                  | Str+3 Int+4} (You found it on level 4 of the Lair of
                  | Beasts)
 20521 | Lair:4   | Found a staircase to the Swamp.
 20712 | Lair:5   | Got a crude marble ring
 20729 | Lair:5   | Identified the ring "Wemeclam" {rF+ AC+4 Str+4} (You found
                  | it on level 5 of the Lair of Beasts)
 20863 | Lair:5   | Gained mutation: Your large and strong wings let you fly
                  | indefinitely. [Gargoyle growth]
 20863 | Lair:5   | Reached XP level 14. HP: 92/92 MP: 14/14
 20953 | Lair:5   | Found a viscous altar of Jiyva.
 20953 | Lair:5   | Found a staircase to the Slime Pits.
 21400 | Lair:6   | Entered Level 6 of the Lair of Beasts
 22660 | Lair:6   | Found a large runed translucent door.
 22660 | Lair:6   | Found a large runed translucent door.
 23504 | D:10     | Killed a lich
 23505 | D:10     | Reached XP level 15. HP: 60/100 MP: 15/15
 23523 | D:10     | HP: 3/100 [Ukhluk's ghost (25)]
 23523 | D:10     | Annihilated by a skeletal warrior

Illustrated notes

Levels and vault maps discovered:
D:1:      erik_arrival_orb_chamber, layout_basic
D:2:      layout_basic, overflow_temple_1_default, grunt_ministairs_3,
          uniq_robin, uniq_sigmund
D:3:      kennysheep_six_static_rooms, layout_basic,
          grunt_temple_overflow_magic_moments, cheibriados_altar_1,
          uniq_grinder, uniq_jessica, uniq_ijyb
D:4:      layout_loops_corners, serial_bayou, serial_bayou_crossing,
          serial_bayou_shore_b, serial_bayou_ford_a, serial_bayou_pond_c
D:5:      layout_rooms, chequers_temple_overflow_minitemple,
          nicolae_ossuary_entry_ruins, gup_sewer_entry_pipe
D:6:      layout_loops_cross
D:7:      layout_basic, minmay_temple_entry_tees, minmay_misc_feat_x
D:8:      cheibrodos_fzero, layout_layer_cave, gammafunk_temple_overflow_wave,
          erik_lair_dragon, kennysheep_cross_bottleneck
D:9:      layout_roguey, kennysheep_little_box
D:10:     layout_gridville, muffindrake_ghost_dual_entry,
          lightli_church_of_beogh
D:11:     layout_grid_maze
Temple:   minmay_temple_curvy_loop
Lair:1:   layout_loops_ring, infiniplex_staircase_pool_2
Lair:2:   layout_chaotic_city, chequers_serial_rivers_micro_e,
          kennysheep_abandoned_house, uniq_gastronok
Lair:3:   layout_cave_pods, infiniplex_staircase_pool, serial_bayou_shore_b
Lair:4:   cheibrodos_lair_overgrown_chateau, layout_long_grid,
          nicolae_swamp_entry_splash_gauntlet, guppyfry_snake_entry_garden
Lair:5:   layout_gridlike, dpeg_slime_entry_enclosed_altar
Lair:6:   cheibrodos_lair_end_hotspot, layout_regular_city

Skill      XL: |  1  2  3  4  5  6  7  8  9 10 11 12 13 14 |
---------------+-------------------------------------------+-----
Armour         | 1 2 3 5 6 8 9 11 12 13 | 13.6
Fighting       | 3 4 5 7 9 10 11 12 13 | 13.8
Maces & Flails | 4 5 6 7 8 10 11 12 13 | 13.8
Dodging        | 3 4 5 7 8 9 10 11 | 11.1
Throwing       | |  1.7

Action                   |  1- 3 |  4- 6 |  7- 9 | 10-12 | 13-15 || total
-------------------------+-------+-------+-------+-------+-------++-------
Melee: Flail             |    28 |       |   378 |       |       ||   406
       Whip              |    72 |   134 |   341 |       |       ||   547
       Dire flail        |       |       |    72 |   897 |       ||   969
       Morningstar       |       |       |       |    13 |       ||    13
       Eveningstar       |       |       |       |    49 |   932 ||   981
Throw: Throwing net      |       |       |     2 |     2 |     6 ||    10
 Abil: Fly               |       |       |       |       |     1 ||     1
Evoke: Wand              |       |       |       |     2 |       ||     2
  Use: Potion            |     1 |       |     5 |     2 |     4 ||    12
       Scroll            |       |     6 |    21 |    11 |     6 ||    44
 Stab: Distracted        |       |     1 |       |       |       ||     1
       Sleeping          |       |     1 |       |     1 |       ||     2
       Held in net/web   |       |       |     2 |     2 |     2 ||     6
Armor: Leather armour    |    29 |    61 |   302 |   175 |       ||   567
       Troll leather arm |       |       |       |   189 |   547 ||   736
Dodge: Dodged            |    57 |    98 |   587 |   767 |  1011 ||  2520
Block: Buckler           |       |       |    45 |       |       ||    45
       Other             |       |       |     9 |   281 |   285 ||   575
       Reflection        |       |       |       |     2 |     1 ||     3
